 Dungeon Crawl Stone Soup version 0.30.1-3-gfc49f6343a (webtiles) character file.

Game seed: 9775159761051133233

9984 spardeous the Thaumaturge (level 11, -4/89 HPs)
             Began as a Demigod Earth Elementalist on July 20, 2023.
             Slain by a boulder beetle (20 damage)
             ... on level 12 of the Dungeon.
             The game lasted 00:19:43 (12772 turns).

spardeous the Thaumaturge (DgEE)                   Turns: 12772, Time: 00:19:44

Health: -4/89      AC:  5    Str: 15    XL:     11   Next: 9%
Magic:  4/29       EV: 12    Int: 29    God:
Gold:   305        SH:  0    Dex: 18    Spells: 20/30 levels left

rFire   + . .        B - +6 quarterstaff "Killer Bee's Doom" {heavy, Drain rC++ rN+ rCorr}
rCold   + + .        (shield currently unavailable)
rNeg    + . .        C - +0 leather armour of Goqac {rF+ Dex+2}
rPois   +            A - +0 helmet
rElec   .            (no cloak)
rCorr   +            H - +0 pair of gloves
SInv    .            (no boots)
Will    ++...        (no amulet)
Stlth   +            a - ring "Kaota" {rPois Will+ Dex+2 Stlth-}
HPRegen 0.34/turn    g - +6 ring of strength
MPRegen 0.21/turn

%: no passive effects
@: no status effects
A: high MP 1, forlorn, divine attributes
a: no special abilities


You were on level 12 of the Dungeon.
You visited 1 branch of the dungeon, and saw 12 of its levels.

You collected 762 gold pieces.
You spent 457 gold pieces at shops.

Inventory:

Hand Weapons
 B - the +6 quarterstaff "Killer Bee's Doom" (weapon) {heavy, Drain rC++ rN+ rCorr}
   (You found it on level 5 of the Dungeon)

   rC:        It greatly protects you from cold.
   rN:        It protects you from negative energy.
   rCorr:     It protects you from acid and corrosion.
   Drain:     It drains your maximum health when unequipped.
Missiles
 F - a throwing net
Armour
 e - a +2 kite shield
 A - a +0 helmet (worn)
 C - the +0 leather armour of Goqac (worn) {rF+ Dex+2}
   (You bought it in a shop on level 1 of the Dungeon)

   Dex:       It affects your dexterity (+2).
   rF:        It protects you from fire.
 H - a +0 pair of gloves (worn)
 I - a +0 buckler
 J - the +2 leather armour of Vinnenui {Fly Int+4 Dex+5}
   (You bought it in a shop on level 8 of the Dungeon)

   Int:       It affects your intelligence (+4).
   Dex:       It affects your dexterity (+5).
   Fly:       It grants you flight.
 M - a scarf of invisibility
Jewellery
 a - the ring "Kaota" (left hand) {rPois Will+ Dex+2 Stlth-}
   (You took it off Erica on level 8 of the Dungeon)

   [ring of poison resistance]

   Dex:       It affects your dexterity (+2).
   rPois:     It protects you from poison.
   Will:      It increases your willpower.
   Stlth:     It makes you less stealthy.
 g - a +6 ring of strength (right hand)
Wands
 G - a wand of polymorph (8)
 L - a wand of paralysis (5)
 N - a wand of iceblast (5)
Scrolls
 h - 6 scrolls of teleportation {unknown}
 j - 5 scrolls of poison {unknown}
 k - 4 scrolls of enchant armour {unknown}
 n - 2 scrolls of silence {unknown}
 p - 5 scrolls of blinking {unknown}
 q - 5 scrolls of identify {unknown}
 t - 2 scrolls of enchant weapon {unknown}
 w - 3 scrolls of fear {unknown}
 x - 3 scrolls of fog {unknown}
 y - 2 scrolls of butterflies {unknown}
 K - a scroll of vulnerability {unknown}
 O - a scroll of torment {unknown}
 P - a scroll of amnesia {unknown}
Potions
 b - 5 potions of magic
 c - a potion of brilliance {unknown}
 d - a potion of ambrosia {unknown}
 f - 3 potions of flight {unknown}
 i - 2 potions of invisibility {unknown}
 l - 4 potions of degeneration {unknown}
 m - 3 potions of attraction {unknown}
 o - a potion of cancellation {unknown}
 r - 2 potions of berserk rage {unknown}
 s - a potion of mutation {unknown}
 u - a potion of lignification {unknown}
 v - 4 potions of curing
 z - 3 potions of heal wounds {unknown}
 E - 2 potions of resistance {unknown}
Miscellaneous
 D - a lightning rod (4/4)


   Skills:
 - Level 6.0 Fighting
 - Level 1.7 Dodging
 - Level 1.7 Stealth
 + Level 10.0 Spellcasting
 + Level 8.7 Conjurations
 - Level 0.8 Transmutations
 + Level 7.1 Earth Magic


You had 20 spell levels left.
You knew the following spells:

 Your Spells              Type           Power      Damage    Failure   Level
a - Sandblast             Erth           100%       2d20      1%          1
b - Stone Arrow           Conj/Erth      100%       3d13      1%          3
c - Petrify               Tmut/Erth      37%        N/A       9%          4
d - Wereblood             Tmut           19%        N/A       4%          2

Your spell library contained the following spells:

 Spells                   Type           Power      Damage    Failure   Level
 Magic Dart               Conj           100%       1d8       1%          1
 Passwall                 Tmut/Erth      30%        N/A       1%          2
 Searing Ray              Conj           100%       2d8       1%          2
 Beastly Appendage        Tmut           38%        N/A       3%          1
 Iskenderun's Battlesphe  Conj           60%        2d11      3%          5
 Slow                     Hex            56%        N/A       4%          1
 Cigotuvi's Dreadful Rot  Necr/Pois/Air  28%        N/A       7%          2
 Ensorcelled Hibernation  Hex/Ice        28%        N/A       7%          2
 Lesser Beckoning         Tloc           28%        N/A       7%          2
 Fulminant Prism          Conj/Hex       19%        3d11      8%          4
 Animate Armour           Summ/Erth      70%        N/A       11%         4
 Leda's Liquefaction      Hex/Erth       17%        N/A       11%         4
 Spider Form              Tmut/Pois      16%        N/A       12%         3
 Confusing Touch          Hex            14%        N/A       14%         3
 Frozen Ramparts          Ice            28%        1d5       14%         3
 Gell's Gravitas          Tloc           14%        N/A       14%         3
 Swiftness                Air            14%        N/A       14%         3
 Teleport Other           Tloc           14%        N/A       14%         3
 Vampiric Draining        Necr           14%        2d7       14%         3
 Iron Shot                Conj/Erth      28%        9d6       26%         6
 Dispel Undead            Necr           14%        3d10      41%         4
 Death Channel            Necr           7%         N/A       100%        6
 Spellforged Servitor     Conj/Summ      19%        N/A       100%        7
 Lehudib's Crystal Spear  Conj/Erth      28%        10d8      100%        8
 Polar Vortex             Ice            7%         N/A       100%        9


Dungeon Overview and Level Annotations

Branches:
Dungeon (12/15)            Temple (0/1) D:7            Lair (0/5) D:11
    Orc: D:9-12

Shops:
D:1 ?*[!(   D:7 (   D:8 **

Annotations:
D:5 2 runed translucent doors


Innate Abilities, Weirdness & Mutations

You have an increased reservoir of magic. (+10% MP)
You shall have no god before yourself.
Your divine heritage dramatically boosts your attributes as you level up.


Message History

Confirm with . or Enter, or press ? or * to list all spells.
Aiming: Petrify (dangerous; 9% risk of failure)
Press: ? - help, Shift-Dir - straight line, f/p - boulder beetle
Aim: a boulder beetle (lightly wounded, rolling, chance to affect: 47%)
The boulder beetle resists with some effort.
The boulder beetle attacks as you move away!
The boulder beetle hits you!!
The boulder beetle stops rolling and uncurls.
Casting: Petrify (dangerous; 9% risk of failure)
Confirm with . or Enter, or press ? or * to list all spells.
Aiming: Petrify (dangerous; 9% risk of failure)
Press: ? - help, Shift-Dir - straight line, f/p - boulder beetle
Aim: a boulder beetle (lightly wounded, chance to affect: 47%)
The boulder beetle resists with some effort.
The boulder beetle bites you but does no damage.
The boulder beetle attacks as you move away!
The boulder beetle bites you!
* * * LOW HITPOINT WARNING * * *
Casting: Petrify (dangerous; 9% risk of failure)
Confirm with . or Enter, or press ? or * to list all spells.
Aiming: Petrify (dangerous; 9% risk of failure)
Press: ? - help, Shift-Dir - straight line, f/p - boulder beetle
Aim: a boulder beetle (lightly wounded, chance to affect: 47%)
The boulder beetle resists with some effort.
The boulder beetle bites you!
* * * LOW HITPOINT WARNING * * *
You feel better.
The boulder beetle bites you but does no damage.
The boulder beetle curls into a ball and begins rolling!
Casting: Petrify (dangerous; 9% risk of failure)
Confirm with . or Enter, or press ? or * to list all spells.
Aiming: Petrify (dangerous; 9% risk of failure)
Press: ? - help, Shift-Dir - straight line, f/p - boulder beetle
Aim: a boulder beetle (lightly wounded, rolling, chance to affect: 47%)
The boulder beetle resists with some effort.
The boulder beetle misses you.
The boulder beetle stops rolling and uncurls.
The boulder beetle attacks as you move away!
The boulder beetle bites you!!
You die...

..# ... .. .. ####.
########## .##....
##.##.....#..
.....).###............
#<....°...#..
##..@B...##
#....[.......
[........>..[##
#............##
##...........#
...<..........#
##..#..........#
...#..#........


You could see a boulder beetle.

Vanquished Creatures
  Erica (D:8)
  2 two-headed ogres
  A deep elf zephyrmancer (D:7)
  Joseph (D:10)
  A polar bear (D:10)
  Prince Ribbit (D:7)
  A wraith (D:10)
  Eustachio (D:4)
  3 wyverns
  Grum (D:11)
  10 yaks
  A steam dragon (D:10)
  2 vampire mosquitoes (D:11)
  An acid dragon (D:6)
  A water moccasin (D:9)
  A sky beast (D:7)
  An orc warrior (D:11)
  5 ice beasts
  2 black bears (D:5)
  An ogre (D:7)
  6 wolves
  8 centaurs
  A phantom (D:6)
  4 bullfrogs
  A gnoll sergeant (D:10)
  3 scorpions
  6 wights
  3 killer bees (D:10)
  7 hounds
  4 orc priests
  2 gnoll boudas (D:8)
  A jelly (D:4)
  3 sleepcaps
  11 orc wizards
  23 gnolls
  3 adders
  2 shadow imps (D:7)
  3 white imps
  2 ufetubi
  A worm (D:3)
  36 orcs
  9 ball pythons
  4 bats
  5 endoplasms
  3 giant cockroaches
  6 hobgoblins
  2 jackals (D:8)
  A quokka (D:2)
  2 frilled lizards
  6 goblins
  3 kobolds
  6 rats
215 creatures vanquished.

Vanquished Creatures (others)
  An orc wizard (D:6)
1 creature vanquished.

Grand Total: 216 creatures vanquished

Notes
Turn   | Place    | Note
-------+----------+-------------------------------------------
     0 | D:1      | spardeous the Demigod Earth Elementalist began the quest
                  | for the Orb.
     0 | D:1      | Reached XP level 1. HP: 14/14 MP: 5/5
   311 | D:1      | Reached XP level 2. HP: 20/20 MP: 5/7
   354 | D:1      | Found Byab's Antique Armour Boutique.
   627 | D:1      | Found Uhetus's Weapon Emporium.
   707 | D:1      | Found Mufo Pith's Distillery.
   857 | D:1      | Found Otasoiwy's Magic Scroll Boutique.
   942 | D:1      | Found Jivim's General Store.
   981 | D:1      | Reached XP level 3. HP: 26/26 MP: 6/8
  1734 | D:2      | Learned a level 3 spell: Stone Arrow
  2368 | D:4      | Reached XP level 4. HP: 33/33 MP: 6/9
  2587 | D:4      | Reached skill level 5 in Earth Magic
  2644 | D:4      | Reached skill level 1 in Conjurations
  2802 | D:4      | Noticed Eustachio
  2861 | D:4      | Killed Eustachio
  2862 | D:4      | Reached skill level 2 in Spellcasting
  2862 | D:4      | Reached XP level 5. HP: 14/38 MP: 5/12
  3453 | D:5      | Entered Level 5 of the Dungeon
  3502 | D:5      | Reached skill level 3 in Spellcasting
  3502 | D:5      | Reached XP level 6. HP: 33/45 MP: 6/13
  4010 | D:5      | Reached XP level 7. HP: 50/50 MP: 14/16
  4014 | D:5      | Reached skill level 4 in Spellcasting
  4203 | D:5      | Got Eluorghusie's Cyclopedia of the Oath and the Winter
  4350 | D:5      | Identified the +6 quarterstaff "Killer Bee's Doom" {heavy,
                  | Drain rC++ rN+ rCorr}
  4538 | D:5      | Found a runed translucent door.
  4626 | D:5      | Found a runed translucent door.
  4842 | D:1      | Bought a shimmering leather armour for 182 gold pieces
  4842 | D:1      | Identified the +0 leather armour of Goqac {rF+ Dex+2} (You
                  | bought it in a shop on level 1 of the Dungeon)
  5171 | D:6      | Noticed a two-headed ogre
  5438 | D:6      | Reached skill level 5 in Spellcasting
  5438 | D:6      | Reached skill level 5 in Conjurations
  5465 | D:6      | Killed a two-headed ogre
  5466 | D:6      | Reached skill level 6 in Spellcasting
  5466 | D:6      | Reached XP level 8. HP: 57/57 MP: 2/20
  6616 | D:7      | Noticed Prince Ribbit
  6628 | D:7      | Killed Prince Ribbit
  6629 | D:7      | Reached skill level 1 in Fighting
  6748 | D:7      | Reached XP level 9. HP: 66/66 MP: 13/23
  6812 | D:7      | Reached skill level 7 in Spellcasting
  7159 | D:7      | Found a staircase to the Ecumenical Temple.
  7612 | D:7      | Found Luet Iri's Antique Weapon Shoppe.
  7817 | D:7      | Noticed a deep elf zephyrmancer
  7820 | D:7      | Killed a deep elf zephyrmancer
  7821 | D:7      | Reached skill level 8 in Spellcasting
  7836 | D:7      | Learned a level 4 spell: Petrify
  7839 | D:7      | Learned a level 2 spell: Wereblood
  8237 | D:8      | Found Vurphaop's Assorted Antiques.
  8306 | D:8      | Noticed Erica
  8332 | D:8      | Reached skill level 5 in Fighting
  8538 | D:8      | Reached XP level 10. HP: 74/83 MP: 13/26
  8797 | D:8      | Found Wumisups's Gadget Gallery.
  9042 | D:8      | Identified the ring "Kaota" {rPois Will+ Dex+2 Stlth-}
  9213 | D:8      | Reached skill level 9 in Spellcasting
  9229 | D:8      | Killed Erica
  9821 | D:8      | Bought a faintly humming leather armour for 175 gold pieces
  9821 | D:8      | Identified the +2 leather armour of Vinnenui {Fly Int+4
                  | Dex+5} (You bought it in a shop on level 8 of the Dungeon)
  9821 | D:8      | Bought 2 scrolls labelled VATEYX ZEMYSM for 50 gold pieces
  9821 | D:8      | Bought a scroll labelled VATEYX ZEMYSM for 25 gold pieces
  9821 | D:8      | Bought a scroll labelled NIFOXT BUMEUL for 25 gold pieces
 10501 | D:10     | Entered Level 10 of the Dungeon
 10934 | D:10     | Noticed Joseph
 10949 | D:10     | Killed Joseph
 11587 | D:11     | Noticed a two-headed ogre
 11593 | D:11     | Killed a two-headed ogre
 11594 | D:11     | Reached XP level 11. HP: 89/89 MP: 19/29
 11684 | D:11     | Noticed Grum
 11696 | D:11     | Killed Grum
 12046 | D:11     | Reached skill level 10 in Spellcasting
 12177 | D:11     | Found a staircase to the Lair.
 12750 | D:12     | Noticed a boulder beetle
 12772 | D:12     | Slain by a boulder beetle

Illustrated notes

Levels and vault maps discovered:
D:1:      pf_arrival_petrified_forest, layout_loops_corners, serial_shops,
          nicolae_shop_crystal, shop, nicolae_diamond_shop, shop,
          nicolae_shop_back_alley_shop, kennysheep_crisscross
D:2:      layout_loops_ring
D:3:      layout_basic
D:4:      layout_basic, zin_academy, uniq_eustachio
D:5:      lemuel_insect_pit, layout_basic, nicolae_ru_great_annihilating_truth
D:6:      minmay_cornered_nines, layout_loops_corners
D:7:      layout_gridville, minmay_temple_entry_wispy, serial_shops,
          kennysheep_little_box, grunt_ministairs_2, guppyfry_early_elven_hall,
          uniq_prince_ribbit1
D:8:      layout_cave_pools, serial_gnoll_camp, gnoll_camp_mini_basic,
          gnoll_camp_mini_loothouse, gnoll_camp_mini_hut, gnoll_camp_mini_shop,
          gnoll_camp_mini_doghouse, nicolae_shop_gadgets, uniq_erica
D:9:      layout_rooms, mainiacjoe_overflow_divided_tiny
D:10:     layout_rooms, serial_ice, serial_ice_g, serial_ice_a, serial_ice_b,
          serial_ice_m, uniq_joseph
D:11:     layout_basic, lair_entry_dummy, uniq_grum
D:12:     kennysheep_windowed_halls, layout_cave_pools, hiddenorc1_lemuel,
          chequers_serial_rivers_micro_c, nemelex_spade_bored_becter

Skill      XL: |  1  2  3  4  5  6  7  8  9 10 11 |
---------------+----------------------------------+-----
Earth Magic    | 3 4 5 6 7 |  7.1
Conjurations   | 2 3 6 7 8 |  8.7
Spellcasting   | 2 3 6 8 9 10 | 10.0
Fighting       | 1 5 6 |  6.0
Dodging        | |  1.7
Stealth        | |  1.7
Transmutations | |  0.8

Action                     |  1- 3 |  4- 6 |  7- 9 | 10-12 || total
---------------------------+-------+-------+-------+-------++-------
  Melee: Unarmed           |     1 |     1 |       |       ||     2
         Quarterstaff      |       |       |     7 |     7 ||    14
   Cast: Sandblast         |    48 |    55 |    50 |    45 ||   198
         Stone Arrow       |       |     8 |    93 |   102 ||   203
         Petrify           |       |       |       |     6 ||     6
    Use: Potion            |       |       |       |     3 ||     3
   Stab: Petrified         |       |       |       |     4 ||     4
 Armour: Robe              |       |    22 |       |       ||    22
         Leather armour    |       |       |     9 |    17 ||    26
  Dodge: Dodged            |    13 |    58 |    34 |    49 ||   154
